 Dungeon Crawl Stone Soup version 0.30-a0-341-g682706514a (webtiles) character file.

Game seed: 13550948007158620336

75 koil the Sneak (level 4, -3/23 HPs)
             Began as a Spriggan Brigand on Nov 2, 2022.
             Constricted to death by Ijyb (7 damage)
             ... on level 3 of the Dungeon.
             The game lasted 00:05:05 (1813 turns).

koil the Sneak (Spriggan Brigand)                   Turns: 1813, Time: 00:05:05

Health: -3/23      AC:  3    Str:  7    XL:     4   Next: 11%
Magic:  7/7        EV: 14    Int: 16    God:
Gold:   110        SH:  0    Dex: 16    Spells: 6/6 levels left

rFire   . . .      SeeInvis +    a - +2 dagger
rCold   . . .      Faith    .    (no shield)
rNeg    . . .      Spirit   .    b - +0 robe
rPois   .          Reflect  .    (helmet restricted)
rElec   .          Harm     .    m - +0 cloak of the Sky {Int+2}
rCorr   .          Rampage  .    (gloves unavailable)
Will    .....                    (boots unavailable)
Stlth   +++.......               (no amulet)
HPRegen 0.23/turn                (no ring)
MPRegen 0.10/turn                (no ring)

@: grasped by roots, constricted, very quick
A: very small, no large weapons, unfitting armour, see invisible, speed 3
a: no special abilities


You were on level 3 of the Dungeon.
You visited 1 branch of the dungeon, and saw 3 of its levels.

You collected 110 gold pieces.

Inventory:

Hand Weapons
 a - a +2 dagger (weapon)
 o - a +0 sling of freezing
Missiles
 d - 9 poisoned darts (quivered)
 e - 3 curare-tipped darts
 q - 3 atropa-tipped darts
Armour
 b - a +0 robe (worn)
 c - a +0 cloak
 m - the +0 cloak of the Sky (worn) {Int+2}
   (You found it on level 2 of the Dungeon)

   Int:       It affects your intelligence (+2).
Scrolls
 h - 3 scrolls of identify {unknown}
 j - a scroll of vulnerability {unknown}
 k - a scroll of teleportation {unknown}
 l - a scroll of blinking {unknown}
 n - a scroll of noise {unknown}
 p - a scroll of silence {unknown}
Potions
 f - a potion of mutation {unknown}
 g - 3 potions of degeneration {unknown}
 i - a potion of flight {unknown}


   Skills:
 + Level 2.1 Fighting
 + Level 2.9 Short Blades
 - Level 2.0 Throwing
 + Level 2.5 Dodging
 + Level 6.5 Stealth
 + Level 1.8 Spellcasting


You had 6 spell levels left.
You didn't know any spells.
Your spell library was empty.

Dungeon Overview and Level Annotations

Branches:
Dungeon (3/15)

Altars:
Dithmenos
Makhleb
Qazlal

Shops:
D:1 [   D:2 *(

Annotations:
D:3 Ijyb


Innate Abilities, Weirdness & Mutations

You are very small and have problems with some larger weapons.
You are too small for most types of armour.
You have supernaturally acute eyesight. (SInv)
You cover ground extremely quickly. (Speed+++)


Message History

You barely miss Ijyb.
Ijyb is lightly wounded.
Ijyb barely misses you. The rat misses you.
You closely miss Ijyb.
Ijyb is lightly wounded.
The rat closely misses you. Ijyb closely misses you.
The rat bites you but does no damage.
Ijyb zaps a wand.
The roots erupt in riotous growth!
The grasping roots grab you!
The rat is unaffected.
The grasping roots constrict you.
You hear a shout!
You hear an angry hiss.
You hit the rat.
You kill the rat!
You escape the roots grasp.
You hit Ijyb but do no damage.
Ijyb is lightly wounded.
Ijyb barely misses you.
You hit Ijyb but do no damage.
Ijyb is lightly wounded.
Ijyb zaps a wand.
The roots erupt in riotous growth!
The grasping roots grab you!
Ijyb is unaffected.
The grasping roots constrict you.
You hear an angry hiss.
You barely miss Ijyb.
Ijyb is lightly wounded.
Ijyb screams, "Get away!"
Ijyb closely misses you. The grasping roots constrict you.
You closely miss Ijyb.
Ijyb is lightly wounded.
You closely miss Ijyb.
Ijyb is lightly wounded.
The phantom barely misses you. Ijyb misses you.
The grasping roots constrict you!
* * * LOW HITPOINT WARNING * * *
The grasping roots release their grip on you.
Unknown command.
Ijyb zaps a wand.
The roots erupt in riotous growth!
The grasping roots grab you!
The phantom is unaffected.
The grasping roots constrict you!
You die...

#.........#.....# ..
#.####..........# .#
#.####..#.......##.#
.....
#......###......##.#
......
...##..###..##..##.#
.....
...###..#..###.....##....
....##.....##.......#..#
..................#....#
..##.........##.@##r.#.#
.####..._...####W.grJ#.#
..##.........##..###...#
.................# ##..#
#.).##.....##.....
#.g......
...###.W#..###.#..
#.#......
#..##S.###..##....
#........ #......##
.......o. ..r .....
........#...##...
.J.......


You could see a phantom, Ijyb, an orc, an endoplasm and a rat.

Vanquished Creatures
  3 adders
  5 endoplasms
  5 giant cockroaches
  5 goblins
  2 hobgoblins
  5 quokkas
  4 ball pythons
  3 bats (D:2)
  A frilled lizard (D:1)
  7 kobolds
  3 rats
43 creatures vanquished.

Notes
Turn   | Place    | Note
-------+----------+-------------------------------------------
     0 | D:1      | koil the Spriggan Brigand began the quest for the Orb.
     0 | D:1      | Reached XP level 1. HP: 10/10 MP: 2/2
   115 | D:1      | Reached skill level 6 in Stealth
   166 | D:1      | Reached XP level 2. HP: 15/15 MP: 2/4
   233 | D:1      | Found a faded altar of an unknown god.
   288 | D:1      | Reached skill level 1 in Spellcasting
   533 | D:1      | Found Tiydom's Antique Armour Emporium.
   827 | D:1      | Reached XP level 3. HP: 14/18 MP: 5/5
   845 | D:2      | Found a stormy altar of Qazlal.
   900 | D:2      | Found Ihyschuuri's Antique Weapon Shoppe.
  1225 | D:2      | Reached XP level 4. HP: 23/23 MP: 7/7
  1229 | D:2      | Found Muton's Assorted Antiques.
  1230 | D:2      | Identified the +0 cloak of the Sky {Int+2}
  1439 | D:3      | Found a burning altar of Makhleb.
  1580 | D:3      | Found a shadowy altar of Dithmenos.
  1593 | D:3      | Noticed a phantom
  1788 | D:3      | Noticed Ijyb
  1813 | D:3      | Constricted to death by Ijyb

Illustrated notes

Levels and vault maps discovered:
D:1:      scummos_arrival_checkerplants, layout_loops_ring, serial_shops, shop,
          hellmonk_ecumenical_altar_slurped_away, minmay_misc_feat_enclosed,
          minmay_misc_feat_iff
D:2:      layout_rooms, basic_altar, serial_shops, shop, nicolae_square_shop
D:3:      layout_rooms, nicolae_dithmenos_shadow_blocks, demons_altar,
          minmay_misc_feat_roman, uniq_terence, uniq_ijyb,
          uniq_crazy_yiuf_cottage

Skill      XL: |  1  2  3 |
---------------+----------+-----
Stealth        | 6 |  6.5
Spellcasting   | 1 |  1.8
Dodging        | 2 |  2.5
Fighting       | 2 |  2.1
Short Blades   | |  2.9
Throwing       | |  2.0

Action                   |  1- 3 |  4- 6 || total
-------------------------+-------+-------++-------
Melee: Dagger            |   107 |    48 ||   155
 Stab: Sleeping          |    11 |     2 ||    13
Armor: Robe              |    14 |     5 ||    19
Dodge: Dodged            |    72 |    32 ||   104

Table legend: (Time is in decaauts)
 A = Elapsed time spent in this place.
 B = Non-inter-level travel time spent in this place.
 C = Inter-level travel time spent in this place.
 D = Time resting spent in this place.
 E = Time spent auto-exploring this place.
 F = Levels seen in this place.
 G = Mean time per level.
                   A        B        C        D        E       F      G
               +--------+--------+--------+--------+--------+-----+--------+
         Total |   1306 |   1284 |     22 |    204 |    703 |   3 |  435.3 |
       Dungeon |   1306 |   1284 |     22 |    204 |    703 |   3 |  435.3 |
               +--------+--------+--------+--------+--------+-----+--------+

Top non-repeatable levels by time:
     D:1: 558 daAuts
     D:2: 492 daAuts
     D:3: 254 daAuts
